 Dungeon Crawl Stone Soup version 0.29-a0-520-gc852659d43 (webtiles) character file.

Game seed: 2340811088159671336

5526 bande the Cleaver (level 10, -5/61 HPs)
             Began as a Gargoyle Fighter on May 31, 2022.
             Was a Believer of Okawaru.
             Slain by an orc warlord
             ... wielding a +2 great mace of protection
              (13 damage)
             ... in a bailey.
             The game lasted 00:16:28 (11699 turns).

bande the Cleaver (Gargoyle Fighter)               Turns: 11699, Time: 00:16:28

Health: -5/61      AC: 28    Str: 19    XL:     10   Next: 70%
Magic:  11/11      EV:  9    Int: 10    God:    Okawaru [**....]
Gold:   202        SH:  5    Dex: 13    Spells: 9/9 levels left

rFire   . . .      SeeInvis .   n - +5 broad axe (elec)
rCold   . . .      Faith    .   c - +0 buckler
rNeg    + . .      Spirit   .   x - +0 plate armour
rPois   ∞          Reflect  .   (no helmet)
rElec   +          Harm     .   u - +1 cloak
rCorr   .          Rampage  .   (no gloves)
Will    .....                   s - +0 pair of boots
Stlth   ..........              (no amulet)
HPRegen 0.20/turn               m - +4 ring of evasion
MPRegen 0.12/turn               p - +4 ring of protection

@: mighty, on berserk cooldown, slowed, very slow
A: sickness immunity, AC +7, negative energy resistance 1, electricity
resistance, torment resistance 1, petrification resistance
a: Renounce Religion, Heroism


You were in a bailey.
You worshipped Okawaru.
Okawaru was pleased with you.
You visited 2 branches of the dungeon, and saw 10 of its levels.
You also visited: Bailey.

You collected 535 gold pieces.
You spent 333 gold pieces at shops.

Inventory:

Hand Weapons
 a - a +0 war axe
 n - a +5 broad axe of electrocution (weapon)
 B - a +3 flail
Armour
 c - a +0 buckler (worn)
 s - a +0 pair of boots (worn)
 u - a +1 cloak (worn)
 x - a +0 plate armour (worn)
Jewellery
 m - a +4 ring of evasion (left hand)
 p - a +4 ring of protection (right hand)
 y - a ring of flight
 C - a +4 ring of evasion
Wands
 b - a wand of mindburst (14)
 h - a wand of digging (8)
 o - a wand of acid (5)
 t - a wand of polymorph (19)
 z - a wand of flame (17)
Scrolls
 j - 5 scrolls of teleportation
 k - 3 scrolls of summoning
 r - 3 scrolls of magic mapping
 F - a scroll of fear
 G - a scroll of enchant armour
 H - a scroll of enchant weapon
Potions
 d - 2 potions of might
 e - 2 potions of heal wounds
 f - 2 potions of berserk rage
 g - 2 potions of ambrosia
 i - 2 potions of flight
 l - a potion of resistance
 q - 2 potions of magic
 v - a potion of brilliance
 A - 2 potions of curing
 D - a potion of haste
 E - 2 potions of invisibility


   Skills:
 + Level 6.9 Fighting
 + Level 10.1 Axes
 + Level 7.5 Armour
 + Level 5.3 Shields
 * Level 2.6 Invocations
 * Level 5.4 Evocations


You had 9 spell levels left.
You didn't know any spells.
Your spell library contained the following spells:

 Spells                   Type           Power      Damage    Failure   Level
 Poisonous Vapours        Pois/Air       0%         N/A       100%        2
 Conjure Flame            Conj/Fire      0%         6-21      100%        3
 Frozen Ramparts          Ice            0%         1d2       100%        3
 Ignite Poison            Fire/Tmut/Pois 0%         N/A       100%        3
 Corpse Rot               Necr/Pois/Air  0%         N/A       100%        4
 Ice Form                 Ice/Tmut       0%         N/A       100%        4
 Sticky Flame             Conj/Fire      0%         2d3       100%        4
 Summon Ice Beast         Ice/Summ       Unusable   N/A       N/A         4

Dungeon Overview and Level Annotations

Branches:
Dungeon (9/15)             Temple (1/1) D:5            Lair (0/6) D:9
 Bailey (1/1)
    Orc: D:9-12

Altars:
Dithmenos
Elyvilon
Fedhas
Gozag
Hepliaklqana
Kikubaaqudgha
Makhleb
Nemelex Xobeh
Okawaru
Qazlal
Ru
Sif Muna
Trog
Uskayaw
Vehumet
Wu Jian
Xom
Yredelemnul
Zin
The Shining One

Shops:
D:3 (   D:6 ![   D:7 [


Innate Abilities, Weirdness & Mutations

You are immune to sickness and miasma.
Your stone body is resilient. (AC +7)
You are immune to poison.
You resist negative energy. (rN+)
You are resistant to electric shocks. (rElec)
You are resistant to unholy torment.
You are immune to petrification.


Message History

The orc warlord closely misses you.
The orc warrior hits you with a +0 war axe!!
The orc warlord hits you but does no damage.
You hit the orc warlord.
The orc warlord is moderately wounded.
You closely miss the orc warrior.
The orc warrior hits you with a +0 war axe.
The orc warlord hits you with a +2 great mace of protection.
The orc warrior hits you but does no damage.
You block the orc warlord's attack.
You hit the orc warlord but do no damage.
The orc warlord is moderately wounded.
You barely miss the orc warrior. The orc warrior closely misses you.
The orc warlord hits you with a +2 great mace of protection!
* * * LOW HITPOINT WARNING * * *
You barely miss the orc warlord.
The orc warlord is moderately wounded.
You slash the orc warrior!
Lightning courses through the orc warrior!
You kill the orc warrior!
Okawaru accepts your kill.
The orc warlord hits you with a +2 great mace of protection!
* * * LOW HITPOINT WARNING * * *
The orc warlord hits you but does no damage.
You feel much better.
The orc warlord hits you but does no damage.
The orc warlord barely misses you.
You feel very mighty all of a sudden.
The orc warlord hits you with a +2 great mace of protection!!
* * * LOW HITPOINT WARNING * * *
You barely miss the orc warlord.
The orc warlord is moderately wounded.
The orc warlord hits you but does no damage.
The orc warlord barely misses you.
You slice the orc warlord!!
The orc warlord is heavily wounded.
The orc warlord hits you with a +2 great mace of protection!
* * * LOW HITPOINT WARNING * * *
The orc warlord hits you with a +2 great mace of protection!
You die...

##.......## ##.......##
#.)))...#.........#.......#
##).)..##.........##.....##
##'####...........####)##
##.....##.........##..)).##
#.......#.........#...))..#
##.......##.......##.......##
#.........#..)o)..#.........#
##.........###)@)###.........##
#.....⌠.....###'###.....⌠.....#
##.........##88.88##.........##
#.........#.......#.........#
##......)##.......##.......##
#......)'.........).......#
##.....##.........##.....##
#######.....⌠.....#######
##.........##


You could see an orc warlord.

Vanquished Creatures
  Maggie (D:6)
  2 hornets
  An acid dragon (D:9)
  2 water moccasins
  14 orc warriors
  3 sky beasts (D:7)
  3 ogres
  6 black bears
  2 phantoms
  2 bullfrogs
  A gnoll sergeant (D:8)
  A scorpion (D:6)
  7 wights (D:7)
  9 killer bees
  3 howler monkeys
  4 hounds
  3 orc priests
  3 iguanas
  5 orc wizards
  22 gnolls
  6 adders
  2 shadow imps
  4 dart slugs
  27 orcs
  5 ball pythons
  5 endoplasms
  4 giant cockroaches
  36 hobgoblins
  10 jackals
  A quokka (D:4)
  3 bats
  2 frilled lizards (D:2)
  57 goblins
  16 kobolds
  10 rats
282 creatures vanquished.

Notes
Turn   | Place    | Note
-------+----------+-------------------------------------------
     0 | D:1      | bande the Gargoyle Fighter began the quest for the Orb.
     0 | D:1      | Reached XP level 1. HP: 14/14 MP: 1/1
   447 | D:1      | Reached skill level 2 in Axes
   510 | D:1      | Reached XP level 2. HP: 19/19 MP: 2/2
   782 | D:1      | Found a faded altar of an unknown god.
  1385 | D:1      | Reached XP level 3. HP: 20/23 MP: 3/3
  1765 | D:2      | Reached skill level 3 in Axes
  1765 | D:2      | Reached XP level 4. HP: 20/29 MP: 4/4
  2068 | D:2      | Found a glowing silver altar of Zin.
  2647 | D:3      | Found Xaffyam's Antique Weapon Emporium.
  2684 | D:3      | Reached XP level 5. HP: 22/33 MP: 5/5
  4047 | D:3      | Reached skill level 4 in Axes
  4248 | D:3      | Reached XP level 6. HP: 38/38 MP: 6/6
  4844 | D:3      | Bought a glowing broad axe for 203 gold pieces
  6588 | D:5      | Entered Level 5 of the Dungeon
  6710 | D:5      | Reached skill level 5 in Axes
  6710 | D:5      | Reached XP level 7. HP: 32/43 MP: 7/7
  6838 | D:5      | Found a stormy altar of Qazlal.
  6851 | D:5      | Found a staircase to the Ecumenical Temple.
  6865 | Temple   | Entered the Ecumenical Temple
  7226 | D:5      | Reached skill level 5 in Armour
  7226 | D:5      | Reached skill level 1 in Evocations
  7485 | D:5      | Found a shimmering altar of Xom.
  7489 | D:5      | Found a sparkling altar of Nemelex Xobeh.
  7809 | D:6      | Reached skill level 6 in Axes
  7823 | D:6      | Reached XP level 8. HP: 48/48 MP: 8/8
  7933 | D:6      | Found Opoenich's Distillery.
  8016 | D:6      | Bought a potion of berserk rage for 65 gold pieces
  8016 | D:6      | Bought a potion of berserk rage for 65 gold pieces
  8032 | D:6      | Noticed Maggie
  8061 | D:6      | HP: 1/48 [Maggie/+0 halberd (2)]
  8069 | D:6      | Killed Maggie
  8070 | D:6      | Reached skill level 5 in Fighting
  8070 | D:6      | Reached skill level 7 in Axes
  8408 | D:6      | Found Ysmag's Armour Emporium.
  8614 | D:6      | Reached XP level 9. HP: 54/54 MP: 9/9
  9015 | D:7      | Found an opulent altar of Gozag.
  9040 | D:7      | Reached skill level 8 in Axes
  9447 | D:7      | Found Baphaor's Armour Shoppe.
  9593 | D:7      | Reached skill level 9 in Axes
  9890 | D:8      | Reached skill level 5 in Shields
  9890 | D:8      | Reached XP level 10. HP: 60/60 MP: 10/10
  9987 | D:8      | Found an iron altar of Okawaru.
  9993 | D:8      | Became a worshipper of Warmaster Okawaru
 10350 | D:8      | Reached skill level 5 in Evocations
 10620 | D:9      | Found a staircase to the Lair.
 10627 | D:9      | Reached skill level 1 in Invocations
 10976 | D:9      | Found a flagged portal.
 10991 | Bailey   | Entered a bailey
 11016 | Bailey   | Reached * piety under Okawaru
 11557 | Bailey   | Reached skill level 10 in Axes
 11680 | Bailey   | Noticed an orc warlord
 11687 | Bailey   | Reached ** piety under Okawaru
 11699 | Bailey   | Slain by an orc warlord

Illustrated notes

Levels and vault maps discovered:
D:1:      saegor_arrival_fortress, layout_basic,
          dreamdust_ecumenical_altar_hidden_monk_grotto
D:2:      layout_basic, basic_altar, grunt_ministairs_5, hangedman_glass_teeth,
          hangedman_decor_lopped
D:3:      minmay_goblin_kobold_castle, layout_rooms, serial_shops, shop
D:4:      layout_cave_pods, kennysheep_generic_room_9
D:5:      layout_basic, mainiacjoe_overflow_divided_tiny, lemuel_doored_altar,
          minmay_temple_entry_grid
D:6:      layout_basic, serial_shops, nicolae_diamond_shop, shop,
          nicolae_zen_rock_garden, st_stairs_8, uniq_maggie
D:7:      layout_basic, general_overflow_altar, serial_shops,
          nicolae_shop_hallway_plus, minmay_misc_feat_columns,
          grunt_ministairs_4
D:8:      layout_basic, mainiacjoe_overflow_six_doors_small,
          chequers_serial_rivers_micro_b
D:9:      minmay_shrinking_squares, layout_gridville,
          mainiacjoe_overflow_tiny_flanked, lair_entry_dummy, enter_bailey_3,
          hangedman_minor_gate_pass
Temple:   regret_index_temple_waves
Bailey:   bailey_axe_minmay_hex_keep, bailey

Skill      XL: |  1  2  3  4  5  6  7  8  9 10 |
---------------+-------------------------------+-----
Axes           | 2 3 4 5 6 7 9 10 | 10.1
Armour         | 4 5 6 7 |  7.5
Fighting       | 4 5 6 |  6.9
Shields        | 4 5 |  5.3
Evocations     | 1 3 4 5 |  5.4
Invocations    | 2 |  2.6

Action                   |  1- 3 |  4- 6 |  7- 9 | 10-12 || total
-------------------------+-------+-------+-------+-------++-------
Melee: War axe           |   106 |   237 |       |       ||   343
       Broad axe         |       |    29 |   208 |   171 ||   408
  Use: Scroll            |     2 |     9 |    10 |     4 ||    25
       Potion            |       |       |     2 |     3 ||     5
Armor: Scale mail        |    90 |   170 |    29 |       ||   289
       Plate armour      |       |       |   135 |   105 ||   240
Dodge: Dodged            |    42 |   151 |   129 |    58 ||   380
Block: Buckler           |    23 |    69 |    58 |    29 ||   179

Table legend: (Time is in decaauts)
 A = Elapsed time spent in this place.
 B = Non-inter-level travel time spent in this place.
 C = Inter-level travel time spent in this place.
 D = Time resting spent in this place.
 E = Time spent auto-exploring this place.
 F = Levels seen in this place.
 G = Mean time per level.
                   A        B        C        D        E       F      G
               +--------+--------+--------+--------+--------+-----+--------+
         Total |  11934 |  11510 |    424 |   1506 |   7584 |  11 | 1084.9 |
       Dungeon |  11079 |  10672 |    407 |   1156 |   7288 |   9 | 1231.0 |
        Temple |    132 |    115 |     17 |      0 |    100 |   1 |  132.0 |
        Bailey |    722 |    722 |      0 |    350 |    195 |   1 |  722.0 |
               +--------+--------+--------+--------+--------+-----+--------+

Top non-repeatable levels by time:
     D:3: 2319 daAuts
     D:4: 1738 daAuts
     D:1: 1705 daAuts
     D:5: 1105 daAuts
     D:6: 1074 daAuts
     D:2: 965 daAuts
     D:7: 921 daAuts
     D:8: 871 daAuts
  Bailey: 722 daAuts
     D:9: 378 daAuts
  Temple: 132 daAuts
